 Dungeon Crawl Stone Soup version 0.29.1-15-g9cfb28693d (webtiles) character file.

Game seed: 12105266951526587796

186 javelincjr the Conjurer (level 5, -10/37 (38) HPs)
             Began as a Gnoll Conjurer on Apr 9, 2023.
             Mangled by an iguana (11 damage)
             ... on level 4 of the Dungeon.
             The game lasted 00:07:47 (3600 turns).

javelincjr the Conjurer (Gnoll Conjurer)            Turns: 3600, Time: 00:07:47

HP:   -10/37 (38)   AC:  4    Str:  8    XL:     5   Next: 66%
MP:   14/14         EV: 13    Int: 17    God:
Gold: 140           SH:  0    Dex: 11    Spells: 13/14 levels left

rFire   . . .      SeeInvis .   e - +2 short sword (venom)
rCold   . . .      Faith    .   (no shield)
rNeg    . . .      Spirit   .   a - +0 robe
rPois   .          Reflect  .   s - +0 helmet
rElec   .          Harm     .   (no cloak)
rCorr   .          Rampage  .   (no gloves)
Will    .....      Rage     3%  i - +0 pair of boots
Stlth   ++........              (no amulet)
HPRegen 0.12/turn               (no ring)
MPRegen 0.14/turn               (no ring)

@: lightly drained
A: fangs 1, strong nose, distributed training, talons 1, berserk 1, high MP 1,
noise suppression
a: no special abilities


You were on level 4 of the Dungeon.
You visited 1 branch of the dungeon, and saw 4 of its levels.
You also visited: Sewer.

You collected 140 gold pieces.

Inventory:

Hand Weapons
 c - a +0 hand axe
 d - a +0 whip of draining
 e - a +2 short sword of venom (weapon)
 h - a +0 flail of protection
Armour
 a - a +0 robe (worn)
 i - a +0 pair of boots (worn)
 k - a +0 tower shield
 s - a +0 helmet (worn)
Wands
 y - a wand of charming (6)
Scrolls
 g - a scroll of magic mapping {unknown}
 j - 3 scrolls of fog
 m - a scroll of immolation {unknown}
 p - a scroll of enchant armour {unknown}
 r - a scroll of summoning {unknown}
 v - 2 scrolls of blinking {unknown}
 w - a scroll of poison {unknown}
 x - a scroll of noise {unknown}
 z - a scroll of fear {unknown}
 A - a scroll of teleportation {unknown}
 B - a scroll of amnesia {unknown}
Potions
 b - a potion of magic
 f - a potion of degeneration {unknown}
 l - 3 potions of flight
 n - a potion of attraction {unknown}
 o - 2 potions of heal wounds
 q - a potion of invisibility
 u - a potion of lignification {unknown}
 C - a potion of brilliance {unknown}


   Skills:
 + Level 1.6 Fighting
 + Level 1.6 Short Blades
 + Level 1.6 Long Blades
 + Level 1.6 Axes
 + Level 1.6 Maces & Flails
 + Level 1.6 Polearms
 + Level 1.6 Staves
 + Level 1.6 Ranged Weapons
 + Level 1.6 Throwing
 + Level 1.6 Armour
 + Level 4.8 Dodging
 + Level 4.5 Stealth
 + Level 1.6 Shields
 + Level 1.6 Unarmed Combat
 + Level 5.2 Spellcasting
 + Level 7.2 Conjurations
 + Level 1.3 Hexes
 + Level 1.3 Summonings
 + Level 1.3 Necromancy
 + Level 1.3 Translocations
 + Level 1.3 Transmutations
 + Level 1.3 Fire Magic
 + Level 1.3 Ice Magic
 + Level 1.3 Air Magic
 + Level 1.3 Earth Magic
 + Level 1.3 Poison Magic
 + Level 1.9 Invocations
 + Level 1.6 Evocations


You had 13 spell levels left.
You knew the following spells:

 Your Spells              Type           Power      Damage    Failure   Level
a - Magic Dart            Conj           100%       1d8       1%          1

Your spell library contained the following spells:

 Spells                   Type           Power      Damage    Failure   Level
 Searing Ray              Conj           58%        2d6       1%          2
 Dazzling Flash           Conj/Hex       38%        N/A       7%          3
 Mephitic Cloud           Conj/Pois/Air  15%        N/A       11%         3
 Call Imp                 Summ           9%         N/A       12%         2
 Wereblood                Tmut           9%         N/A       12%         2
 Fulminant Prism          Conj/Hex       9%         3d7       24%         4
 Iskenderun's Mystic Bla  Conj/Tloc      19%        2d6       24%         4
 Irradiate                Conj/Tmut      9%         3d14      54%         5


Dungeon Overview and Level Annotations

Branches:
Dungeon (4/15)              Sewer (visited)
 Temple: D:4-7

Altars:


Innate Abilities, Weirdness & Mutations

You have very sharp teeth.
Your uncanny sense of smell can sniff out nearby items.
Your experience applies equally to all skills.
You have sharp toenails.
You sometimes lose your temper in combat.
You have an increased reservoir of magic. (+10% MP)
You passively dampen the noise of your surroundings.


Message History

You hit the orc.
You kill the orc!
No target in view!
Things that are here:
a +0 flail of protection; an orc corpse
h - a +0 flail of protection Your +2 short sword of venom begins to drip with poison!
e - a +2 short sword of venom (weapon)
HP restored.
An iguana comes into view.
The iguana hisses angrily.
The magic dart hits the iguana but does no damage.
The iguana bites you!
You barely miss the iguana. The iguana closely misses you.
You barely miss the iguana. The iguana misses you.
You hit the iguana but do no damage. The iguana closely misses you.
You hit the iguana but do no damage.
The iguana is poisoned.
The iguana bites you!
You completely miss the iguana.
The iguana is lightly wounded.
The iguana barely misses you.
You hit the iguana.
The iguana is moderately wounded.
The iguana completely misses you.
You barely miss the iguana.
The iguana is heavily wounded.
The iguana bites you!
You are too injured to fight recklessly!
You are too injured to fight recklessly!
You are too injured to fight recklessly!
You hit the iguana but do no damage.
The iguana looks as sick as possible!
The iguana is heavily wounded.
The iguana bites you!
* * * LOW HITPOINT WARNING * * *
You hit the iguana but do no damage.
The iguana looks as sick as possible!
The iguana is severely wounded.
The iguana bites you.
* * * LOW HITPOINT WARNING * * *
The iguana attacks as you move away! The iguana bites you!
You die...

##.....## #. ##...## #.
##'## ## #.# #†# ##.##
##...##
#.#########.....#
#.....l@.......#########
############............
#...######### #####


You could see an iguana (extremely poisoned).

Vanquished Creatures
  An orc priest (D:3)
  A hell rat (Sewer)
  4 river rats
  3 adders
  5 orcs
  7 ball pythons
  6 endoplasms
  A giant cockroach (D:4)
  10 goblins
  2 hobgoblins (D:2)
  7 kobolds
  3 quokkas
  9 bats
  3 frilled lizards
  8 rats
  2 bushes (D:2)
72 creatures vanquished.

Vanquished Creatures (others)
  11 plants (D:2)
11 creatures vanquished.

Grand Total: 83 creatures vanquished

Notes
Turn   | Place    | Note
-------+----------+-------------------------------------------
     0 | D:1      | javelincjr the Gnoll Conjurer began the quest for the Orb.
     0 | D:1      | Reached XP level 1. HP: 13/13 MP: 6/6
    77 | D:1      | Reached XP level 2. HP: 19/19 MP: 1/7
   415 | D:1      | Got the Quarto of Foul Transmutation
   800 | D:2      | Reached skill level 5 in Spellcasting
   800 | D:2      | Reached XP level 3. HP: 25/25 MP: 6/9
  1154 | D:2      | Reached skill level 1 in Invocations
  1610 | D:2      | Reached skill level 1 in Fighting
  1610 | D:2      | Reached skill level 1 in Short Blades
  1610 | D:2      | Reached skill level 1 in Long Blades
  1610 | D:2      | Reached skill level 1 in Axes
  1610 | D:2      | Reached skill level 1 in Maces & Flails
  1610 | D:2      | Reached skill level 1 in Polearms
  1610 | D:2      | Reached skill level 1 in Staves
  1610 | D:2      | Reached skill level 1 in Ranged Weapons
  1610 | D:2      | Reached skill level 1 in Throwing
  1610 | D:2      | Reached skill level 1 in Armour
  1610 | D:2      | Reached skill level 1 in Shields
  1610 | D:2      | Reached skill level 1 in Unarmed Combat
  1610 | D:2      | Reached skill level 1 in Evocations
  1723 | D:2      | Identified the +11 mace of the Powerful God {flame, rC-
                  | Will++}
  2259 | D:3      | Reached XP level 4. HP: 32/32 MP: 9/11
  2706 | D:3      | Reached skill level 1 in Hexes
  2706 | D:3      | Reached skill level 1 in Summonings
  2706 | D:3      | Reached skill level 1 in Necromancy
  2706 | D:3      | Reached skill level 1 in Translocations
  2706 | D:3      | Reached skill level 1 in Transmutations
  2706 | D:3      | Reached skill level 1 in Fire Magic
  2706 | D:3      | Reached skill level 1 in Ice Magic
  2706 | D:3      | Reached skill level 1 in Air Magic
  2706 | D:3      | Reached skill level 1 in Earth Magic
  2706 | D:3      | Reached skill level 1 in Poison Magic
  2764 | D:3      | Reached XP level 5. HP: 37/37 MP: 5/12
  3016 | D:4      | Found a glowing drain.
  3132 | Sewer    | Entered a sewer
  3466 | D:4      | Gained mutation: You are strong-willed. (Will+) [potion of
                  | mutation]
  3466 | D:4      | Gained mutation: Your body sometimes deteriorates upon
                  | taking damage. [potion of mutation]
  3466 | D:4      | Gained mutation: You have sharp toenails. [potion of
                  | mutation]
  3467 | D:4      | Lost mutation: Your body sometimes deteriorates upon taking
                  | damage. [potion of mutation]
  3467 | D:4      | Lost mutation: You are strong-willed. (Will+) [potion of
                  | mutation]
  3467 | D:4      | Gained mutation: You sometimes lose your temper in combat.
                  | [potion of mutation]
  3467 | D:4      | Gained mutation: You have an increased reservoir of magic.
                  | (+10% MP) [potion of mutation]
  3467 | D:4      | Gained mutation: You passively dampen the noise of your
                  | surroundings. [potion of mutation]
  3599 | D:4      | HP: 1/37 [iguana (1)]
  3600 | D:4      | Mangled by an iguana

Illustrated notes

Levels and vault maps discovered:
D:1:      amcnicky_arrival_underground_garden, layout_rooms, minmay_pentomino_u4
D:2:      layout_loops_corners, serial_forest, infiniplex_forest_straight_2,
          infiniplex_forest_clump_double, infiniplex_forest_lined_room_3,
          infiniplex_forest_split, infiniplex_forest_clump_diagonal,
          infiniplex_forest_straight_4, infiniplex_forest_corner_1,
          infiniplex_forest_lined_room_2, minmay_indecisive_spiral
D:3:      layout_rooms, minmay_starry_boxes
D:4:      layout_loops_corners, portal_sewer_entry_a

Skill      XL: |  1  2  3  4 |
---------------+-------------+-----
Spellcasting   | 5 |  5.2
Invocations    | 1 |  1.9
Fighting       | 1 |  1.6
Short Blades   | 1 |  1.6
Long Blades    | 1 |  1.6
Axes           | 1 |  1.6
Maces & Flails | 1 |  1.6
Polearms       | 1 |  1.6
Staves         | 1 |  1.6
Ranged Weapons | 1 |  1.6
Throwing       | 1 |  1.6
Armour         | 1 |  1.6
Shields        | 1 |  1.6
Unarmed Combat | 1 |  1.6
Evocations     | 1 |  1.6
Hexes          | 1 |  1.3
Summonings     | 1 |  1.3
Necromancy     | 1 |  1.3
Translocations | 1 |  1.3
Transmutations | 1 |  1.3
Fire Magic     | 1 |  1.3
Ice Magic      | 1 |  1.3
Air Magic      | 1 |  1.3
Earth Magic    | 1 |  1.3
Poison Magic   | 1 |  1.3
Dodging        | |  4.8
Stealth        | |  4.5
Conjurations   | |  7.2

Action                   |  1- 3 |  4- 6 || total
-------------------------+-------+-------++-------
Melee: Whip              |   123 |     8 ||   131
       Bite              |    21 |       ||    21
       Punch             |     9 |       ||     9
       Short sword       |       |     9 ||     9
 Cast: Magic Dart        |    69 |    76 ||   145
  Use: Scroll            |       |     4 ||     4
       Potion            |       |     2 ||     2
 Stab: Sleeping          |       |     1 ||     1
Armor: Robe              |     5 |     2 ||     7
Dodge: Dodged            |    18 |    23 ||    41
